Map: Lerilak Crest

Players

Silverback - Winner!

  • Race: Terran Terran
  • League: Gold

capac

  • Race: Terran Terran
  • League: Gold

VOD

Have the link to the VOD?

Description

Time

  • Played on: Feb. 16, 2016, 3:32 p.m.
  • Length: 16:25
Show
View Real Time Build Order
Export as new Build Order

Silverback Terran - Winner!

Build Orders: 1/1/1, MMM Bio 

Get SALT Encoding   

  12  0:00  SCV  
  13  0:13  SCV  
  14  0:18  Supply Depot  
  14  0:25  SCV  
  15  0:29  Refinery  
  15  0:41  Barracks  
  15  0:45  SCV  
  16  0:57  SCV  
  16  1:02  Supply Depot  
  17  1:09  SCV  
  18  1:14  Refinery  
  18  1:21  SCV  
  19  1:32  Factory  
  19  1:34  Marine  
  19  1:37  SCV  
  21  1:49  SCV  
  21  1:52  Marine  
  23  1:59  Supply Depot  
  23  2:01  SCV  
  24  2:08  Supply Depot  
  24  2:10  Marine  
  25  2:19  Starport  
  25  2:23  Widow Mine  
  25  2:28  SCV  
  28  2:38  Marine  
  28  2:41  SCV  
  30  2:52  Widow Mine  
  30  2:53  SCV  
  30  2:55  Marine  
  34  3:00  Engineering Bay, Medivac  
  36  3:13  Barracks  
  36  3:16  Marine  
  36  3:18  SCV  
  38  3:23  Factory Tech Lab  
  38  3:30  Medivac  
  40  3:34  Marine  
  41  3:43  Siege Tank  
  44  3:52  Marine  
  44  3:55  Orbital Command  
  45  3:58  Missile Turret  
  45  4:04  Missile Turret  
  45  4:06  Barracks Tech Lab  
  45  4:10  Marine  
  46  4:17  Starport Reactor  
  46  4:27  Marine  
  46  4:28  Supply Depot  
  47  4:31  Stimpack  
  47  4:49  Marine  
  47  4:51  Supply Depot  
  47  5:11  Liberator  
  47  5:12  Liberator  
  47  5:13  Marine  
  47  5:14  Marine  
  49  5:34  Command Center  
  50  5:41  Siege Tank  
  53  5:56  Barracks Reactor  
  53  6:08  Marine  
  53  6:11  SCV  
  55  6:23  Medivac  
  53  6:26  Marine  
  53  6:32  Medivac  
  56  6:34  SCV  
  56  6:39  Missile Turret  
  57  6:43  Engineering Bay, Missile Turret  
  57  6:44  Marine  
  58  7:02  Marine  
  58  7:06  Missile Turret  
  55  7:15  Viking x2  
  49  7:16  Marine x2  
  49  7:20  Marine  
  52  7:32  Terran Infantry Weapons Level 1  
  52  7:34  Sensor Tower  
  52  7:41  Marine x2  
  52  8:22  SCV  
  52  8:23  Orbital Command  
  53  8:46  Refinery  
  53  8:47  Marine x2  
  53  8:48  Marine  
  56  8:50  Siege Tank  
  56  8:51  SCV x2  
  61  9:00  Barracks  
  61  9:03  Terran Infantry Armor Level 1  
  61  9:04  Combat Shields  
  61  9:10  SCV x2  
  61  9:12  Refinery  
  61  9:16  Marine x2  
  61  9:17  Marine  
  65  9:19  Missile Turret  
  66  9:34  Marine x3  
  66  9:36  SCV x2  
  71  9:40  Missile Turret  
  71  9:41  Siege Tank  
  74  9:47  Supply Depot  
  74  9:48  Missile Turret  
  74  9:49  Supply Depot, Barracks  
  74  10:02  Missile Turret  
  74  10:06  Supply Depot  
  74  10:13  Supply Depot  
  74  10:14  Missile Turret  
  71  10:23  Concussive Shells  
  68  10:30  Missile Turret  
  68  10:34  Sensor Tower  
  57  11:09  Marine x3  
  57  11:27  Marine x2  
  59  11:41  Marine  
  59  11:43  Medivac x2  
  59  11:44  Siege Tank  
  59  11:45  Marine x2  
  69  11:59  Marine  
  70  12:02  Marine  
  71  12:09  Armory  
  71  12:13  Medivac x2  
  75  12:16  Siege Tank  
  75  12:18  SCV x2  
  75  12:21  Command Center  
  80  12:27  Marauder, Marine x2  
  84  12:30  SCV x2  
  84  12:31  Liberator  
  86  12:42  SCV x2  
  88  12:45  Marine x2  
  88  12:47  Missile Turret  
  88  12:48  Siege Tank  
  88  12:49  Marauder  
  98  12:57  Liberator  
  98  13:03  Marine x2  
  100  13:09  Missile Turret  
  100  13:10  Marauder  
  105  13:22  Barracks Tech Lab x2  
  105  13:23  Starport  
  105  13:25  Marine x2  
  107  13:30  Missile Turret  
  107  13:31  Siege Tank  
  107  13:33  Marauder, SCV x2  
  114  13:34  Orbital Command  
  114  13:40  Supply Depot  
  114  13:43  Marine  
  115  13:52  Missile Turret  
  115  13:54  Marauder  
  117  14:02  Supply Depot  
  117  14:07  Marine  
  117  14:08  Marine x3  
  121  14:11  Refinery  
  121  14:16  Marauder  
  123  14:17  SCV x3  
  123  14:21  Siege Tank  
  129  14:25  Supply Depot, Marine x3  
  129  14:29  Marine  
  133  14:37  Refinery, Marauder  
  135  14:43  Marine x2  
  119  15:03  Sensor Tower  
  110  15:16  Marine  
  110  15:17  Marine x4  
  115  15:34  Marine  
  116  15:36  Viking x2  
  116  15:37  Marine x3  
  116  15:38  Marine  
  124  15:52  Marine  
  125  16:00  Marine x4  
Show
View Real Time Build Order
Export as new Build Order

capac Terran 

Build Orders: MMM Bio 

Get SALT Encoding   

  12  0:01  SCV  
  13  0:13  SCV  
  14  0:18  Supply Depot  
  14  0:25  SCV  
  15  0:39  SCV  
  15  0:41  Barracks  
  16  0:51  SCV  
  16  0:54  Refinery  
  17  1:04  Supply Depot  
  17  1:05  SCV  
  18  1:20  SCV  
  19  1:30  Marine  
  20  1:34  Barracks  
  20  1:36  SCV  
  21  1:46  Supply Depot  
  21  1:49  SCV  
  21  1:53  Refinery  
  22  2:02  Barracks Tech Lab  
  22  2:04  SCV  
  23  2:22  Command Center  
  22  2:37  Marine  
  22  2:39  Stimpack  
  23  2:47  Factory  
  23  2:59  Barracks Reactor  
  23  3:02  Marine  
  23  3:05  SCV  
  25  3:20  Marine, SCV  
  27  3:34  Factory Tech Lab  
  27  3:36  Starport  
  27  3:38  Marine  
  28  3:42  Marine x2  
  28  3:46  Orbital Command  
  30  3:56  Marine  
  30  4:02  Bunker  
  31  4:05  Marine  
  32  4:12  Siege Tank  
  32  4:15  Marine  
  36  4:23  SCV  
  37  4:25  SCV  
  38  4:32  Starport Reactor  
  38  4:37  Engineering Bay  
  38  4:39  Marine x2  
  38  4:43  Combat Shields  
  32  5:05  SCV x2  
  34  5:13  Marine x2  
  34  5:14  Marine  
  32  5:30  SCV  
  33  5:37  Marine  
  33  5:38  Marine  
  33  5:39  Medivac  
  33  5:42  SCV x2  
  32  6:07  Orbital Command  
  32  6:12  Medivac  
  32  6:27  SCV  
  33  6:33  Medivac  
  33  6:39  SCV  
  36  6:46  SCV  
  37  6:51  SCV  
  35  7:21  SCV x2  
  35  7:22  Marine x2  
  39  7:33  SCV x2  
  41  7:45  SCV x2  
  43  7:57  SCV  
  31  8:10  Marine x3  
  26  8:12  Medivac  
  26  8:15  SCV x2  
  30  8:27  SCV x2  
  30  8:28  Marine  
  33  8:34  Refinery  
  33  8:39  Marine  
  33  8:40  Marine  
  35  8:41  Liberator  
  35  8:47  Missile Turret  
  35  8:50  Marine  
  36  8:57  Marine  
  36  9:01  Marine  
  41  9:03  Siege Tank  
  41  9:04  SCV x2  
  41  9:08  Marine  
  47  9:15  Marine  
  48  9:18  SCV x2  
  48  9:19  Marine, Missile Turret  
  51  9:30  SCV x2  
  53  9:31  Supply Depot  
  53  9:46  Marine  
  54  9:53  Marine x2, SCV x2, Medivac x2  
  54  9:55  Supply Depot  
  53  10:33  Liberator  
  40  11:45  Marine x3  
  40  11:46  Orbital Command  
  43  11:50  Siege Tank  
  46  12:03  Marine x3  
  49  12:14  SCV x2  
  51  12:22  Siege Tank  
  54  12:24  Marine x2  
  54  12:25  Marine  
  54  12:26  SCV x2  
  59  12:38  SCV x2  
  61  12:50  SCV  
  62  12:58  Siege Tank  
  62  13:02  SCV x2  
  62  13:03  Marine x3  
  70  13:10  Supply Depot  
  70  13:14  Command Center  
  70  13:21  Marine x2  
  72  13:31  SCV x2  
  74  13:35  Liberator  
  74  13:38  Supply Depot, Missile Turret  
  74  13:46  SCV x2  
  76  13:50  Marine x3  
  76  13:52  Siege Tank  
  85  13:58  SCV  
  86  14:03  Missile Turret  
  86  14:04  SCV  
  86  14:06  Supply Depot  
  86  14:07  Refinery  
  86  14:09  Marine  
  87  14:10  SCV  
  89  14:25  Missile Turret  
  69  15:16  Marine x3  
  66  15:24  Missile Turret  
  66  15:32  Supply Depot  
  66  15:33  Marine  
  66  15:34  Marine x2  
  51  15:59  Marine x3  
Tags
 
Composition
MMM BioMMM Bio
League
GoldGold
Matchup
TvT
Opening
1/1/1
Race
Terran
Add a new tag
Caveats
  • Supply blocks, unpowered buildings, or Contaminate may cause inaccurate times.
  • Supply counts are checked every 10 seconds.